AoeStats
← put here generic profile name

Black Forest

509426721Analyzed
4v4 RM · 6d ago on Sep 26, 2026· 51m 3s· 8 players
Game mode
Random Map
Map size
Large (8 player)
Population
200
Speed
Normal
Resources
Standard
Victory
Conquest
Starting age
Dark Age
Ending age
Imperial Age
RankedLock teamsTeams togetherTeam positionsShared explorationLock speedFull tech treeHidden civsTurbo modeCheats
Victory
Defeat
🇳🇱 Persians · Netherlands
1011
+16
🇳🇱 Britons · Netherlands
1006
+16
🇬🇧 Italians · United Kingdom
980
+17
🇪🇸 Khmer · Spain
967
+18
🇧🇷 Japanese · Brazil
1102
-21
🇧🇷 Varangians · Brazil
1088
-20
🇧🇷 Persians · Brazil
1011
-17
🇮🇹 Khmer · Italy
821
-9
Cheapp Sheepp
0:32 Loom
11:12 Feudal Age
18:17 Castle Age
17:34 Horse Collar
18:36 Fletching
19:55 Double-Bit Axe
22:40 Town Watch
25:51 Wheelbarrow
29:29 Fortified Wall
29:15 Murder Holes
29:39 Bodkin Arrow
37:11 Padded Archer Armor
41:38 Hand Cart
42:02 Heavy Plow
42:58 Bow Saw
46:52 Imperial Age
45:03 Leather Archer Armor
45:45 Town Patrol
47:03 Yeomen
47:23 Caravan
47:54 Coinage
47:53 Ballistics
48:36 Chemistry
48:04 Bracer
48:35 Ring Archer Armor
48:26 Elite Longbowman
49:42 Conscription
51:03 Hoardings
51:29 Banking
51:10 Guilds
FallAutumn7731
12:29 Feudal Age
16:31 Castle Age
14:39 Double-Bit Axe
15:17 Horse Collar
17:59 Bow Saw
18:04 Heavy Plow
20:49 Wheelbarrow
21:37 Gold Mining
21:42 Stone Mining
23:43 Hand Cart
24:49 Town Watch
24:53 Loom
26:24 Stone Shaft Mining
26:25 Gold Shaft Mining
28:24 Scale Barding Armor
28:31 Forging
28:13 Fletching
30:56 Imperial Age
30:34 Chain Barding Armor
30:50 Iron Casting
30:43 Ballistics
30:34 Masonry
30:33 Bodkin Arrow
33:30 Plate Barding Armor
33:56 Blast Furnace
34:10 Chemistry
33:44 Architecture
33:22 Siege Engineers
33:58 Architecture
34:15 Conscription
33:57 Tusk Swords
33:59 Elite Battle Elephant
34:39 Husbandry
34:50 Bloodlines
34:07 Heavy Scorpion
37:57 Caravan
38:29 Coinage
38:35 Double Crossbow
41:19 Pikeman
41:45 Arson
42:12 Scale Mail Armor
42:13 Bracer
46:50 Chain Mail Armor
46:01 Halberdier
46:54 Light Cavalry
50:33 Hussar
theLamb42
0:36 Loom
13:56 Feudal Age
20:11 Horse Collar
22:35 Castle Age
26:15 Double-Bit Axe
27:46 Fortified Wall
28:55 Ballistics
28:42 Squires
29:13 Heavy Plow
29:35 Gold Mining
29:10 Elite Skirmisher
30:16 Man-at-Arms
30:19 Pikeman
32:11 Wheelbarrow
37:13 Imperial Age
36:14 Silk Road
37:25 Caravan
39:08 Bow Saw
38:51 Elite Genoese Crossbowman
41:34 Chemistry
40:30 Murder Holes
40:41 Padded Archer Armor
40:31 Fletching
45:45 Bodkin Arrow
46:05 Leather Archer Armor
46:02 Forging
45:52 Scale Mail Armor
45:57 Scale Barding Armor
46:56 Two-Man Saw
49:07 Masonry
49:06 Thumb Ring
put here generic profile name
10:28 Feudal Age
14:37 Castle Age
12:43 Double-Bit Axe
13:25 Horse Collar
18:49 Bow Saw
21:39 Wheelbarrow
20:51 Loom
22:19 Heavy Plow
25:31 Hand Cart
25:58 Gold Mining
26:00 Stone Mining
28:22 Gold Shaft Mining
28:22 Stone Shaft Mining
31:37 Imperial Age
29:38 Fletching
30:03 Forging
29:59 Scale Barding Armor
30:13 Bloodlines
30:03 Husbandry
31:21 Iron Casting
32:15 Chain Barding Armor
31:34 Elite War Elephant
34:10 Blast Furnace
33:45 Plate Barding Armor
34:34 Crop Rotation
35:08 Two-Man Saw
35:26 Plate Barding Armor
34:42 Fletching
35:18 Ballistics
36:24 Bodkin Arrow
36:49 Caravan
37:58 Citadels
39:01 Chemistry
38:27 Guilds
38:48 Coinage
40:51 Devotion
43:54 Banking
Evy
1:02 Loom
11:34 Feudal Age
11:58 Horse Collar
12:07 Double-Bit Axe
18:06 Wheelbarrow
21:31 Castle Age
19:36 Stone Mining
20:44 Gold Mining
22:15 Elite Skirmisher
22:45 Arson
23:04 Heavy Plow
23:32 Bow Saw
24:05 Pikeman
25:27 Town Watch
27:16 Forging
26:57 Fletching
31:33 Hand Cart
32:49 Caravan
33:20 Coinage
38:40 Imperial Age
38:47 Ballistics
38:29 Scale Mail Armor
38:25 Bodkin Arrow
38:31 Padded Archer Armor
41:52 Halberdier
45:17 Chain Mail Armor
45:38 Iron Casting
45:19 Leather Archer Armor
45:22 Masonry
49:21 Blast Furnace
kaisermaster
0:28 Loom
13:47 Feudal Age
15:04 Wheelbarrow
18:03 Castle Age
16:30 Double-Bit Axe
17:45 Horse Collar
19:15 Town Watch
27:56 Heavy Plow
28:23 Bow Saw
28:46 Bow Saw
29:43 Stone Mining
29:44 Gold Mining
31:11 Hand Cart
33:43 Stone Shaft Mining
35:43 Imperial Age
33:37 Scale Barding Armor
33:49 Forging
34:45 Chain Barding Armor
33:50 Vendel Legacy
36:12 Iron Casting
36:00 Onager
37:25 Plate Barding Armor
37:38 Conscription
38:40 Blast Furnace
38:30 Capped Ram
39:58 Crop Rotation
40:29 Two-Man Saw
41:16 Caravan
42:23 Elite Jarl
Mia.Star
6:30 Loom
8:55 Feudal Age
11:02 Double-Bit Axe
13:58 Horse Collar
17:55 Castle Age
18:05 Wheelbarrow
17:19 Town Watch
19:27 Heavy Plow
21:48 Fletching
23:37 Husbandry
23:47 Bloodlines
24:08 Scale Barding Armor
25:35 Bloodlines
25:38 Forging
27:07 Chain Barding Armor
27:23 Iron Casting
27:41 Bow Saw
28:04 Gold Mining
33:04 Imperial Age
30:34 Bodkin Arrow
32:46 Cavalier
34:54 Plate Barding Armor
35:20 Blast Furnace
34:45 Savar
38:08 Conscription
37:41 Elite Skirmisher
39:00 Elite War Elephant
45:15 Citadels
47:09 Thumb Ring
Kybster
0:41 Loom
11:04 Feudal Age
12:02 Man-at-Arms
18:04 Double-Bit Axe
20:20 Castle Age
18:12 Arson
18:19 Horse Collar
21:29 Bow Saw
20:50 Long Swordsman
22:05 Forging
25:59 Scale Mail Armor
37:47 Imperial Age
34:51 Pikeman
36:54 Heavy Plow
37:19 Fletching
38:15 Chain Mail Armor
38:55 Iron Casting
38:57 Halberdier
39:38 Squires
41:41 Iron Casting
43:55 Blast Furnace
Connection lost

Rejoining the realm…

Still unreachable

The connection could not be restored.

Session expired

The server has moved on; the page needs a fresh start.